Map: Base du roi Sejong EC

Players

Oneiros - Winner!

  • Race: Terran Terran
  • League: Diamond

Worming

  • Race: Zerg Zerg

VOD

Have the link to the VOD?

Description

Time

  • Played on: Oct. 20, 2016, 3:05 p.m.
  • Length: 6:33
Show
View Real Time Build Order
Export as new Build Order

Oneiros Terran - Winner!

Build Orders: Hellion Opening 

Get SALT Encoding   

  12  0:01  SCV  
  13  0:13  SCV  
  14  0:19  Supply Depot  
  14  0:25  SCV  
  15  0:40  SCV  
  15  0:42  Barracks  
  16  0:47  Refinery  
  16  0:51  Refinery  
  16  0:53  SCV  
  17  1:05  SCV  
  18  1:23  SCV  
  19  1:31  Supply Depot, Marine  
  20  1:36  Orbital Command  
  20  1:40  Factory  
  20  1:48  Marine  
  21  1:59  Factory  
  21  2:07  Barracks Reactor  
  21  2:08  SCV  
  23  2:22  SCV  
  23  2:28  Supply Depot  
  23  2:30  Factory Tech Lab  
  23  2:52  Siege Tank  
  23  2:54  Hellion  
  23  2:55  Hellion  
  30  2:59  SCV  
  31  3:16  Hellion x2  
  35  3:24  Siege Tank  
  38  3:27  Supply Depot  
  38  3:29  SCV, Armory  
  39  3:44  Supply Depot  
  39  3:49  Hellion x2  
  43  3:56  Siege Tank  
  43  4:02  Supply Depot  
  46  4:10  Hellion  
  48  4:20  Hellion  
  50  4:36  Siege Tank, Hellion  
  55  4:50  Hellion  
  57  4:58  Hellion  
  57  5:28  Hellion x2  
Show
View Real Time Build Order
Export as new Build Order

Worming Zerg 

Build Orders: Pool First 

Get SALT Encoding   

  12  0:01  Drone  
  13  0:12  Overlord  
  13  0:21  Drone  
  14  0:31  Drone x2  
  16  0:39  Drone  
  17  0:47  Spawning Pool  
  17  0:48  Drone  
  17  0:52  Extractor  
  17  1:11  Unknown, Hatchery  
  17  1:14  Drone  
  17  1:17  Drone  
  18  1:20  Drone  
  19  1:34  Queen  
  19  1:35  Zergling x2  
  19  1:39  Overlord  
  22  1:53  Extractor, Drone  
  22  2:02  Drone  
  23  2:10  Queen  
  25  2:23  Unknown  
  25  2:26  Drone x3  
  27  2:47  Drone x6  
  27  2:49  Queen  
  35  2:57  Overlord  
  35  3:07  Metabolic Boost  
  35  3:11  Unknown, Hatchery  
  34  3:15  Queen  
  36  3:20  Drone x5  
  41  3:37  Overlord  
  41  3:38  Spine Crawler, Overlord  
  40  3:49  Zergling x6  
  43  3:57  Extractor  
  43  4:00  Drone x3  
  43  4:01  Drone  
  46  4:05  Extractor  
  46  4:07  Drone x3  
  48  4:10  Roach Warren  
  47  4:23  Unknown  
  47  4:26  Drone x2  
  47  4:27  Drone x8  
  55  4:42  Zergling x8  
  59  4:48  Zergling x2  
  59  4:49  Zergling x2  
  63  4:52  Roach  
  63  4:55  Lair  
  63  4:57  Roach  
  63  4:58  Overlord x2  
  63  4:59  Overlord  
  65  5:03  Spine Crawler  
  65  5:04  Spine Crawler  
  60  5:13  Roach x5  
  62  5:24  Queen, Roach Warren  
  48  5:45  Zergling x2  
  48  5:46  Zergling x10  
  48  5:47  Spine Crawler x3  
  41  5:58  Zergling x2  
  41  6:08  Roach  
  41  6:09  Roach x3  
Tags
 
Add a new tag
Caveats
  • Supply blocks, unpowered buildings, or Contaminate may cause inaccurate times.
  • Supply counts are checked every 10 seconds.